AoeStats
← 1000ei

Arabian Desert

510176514Analyzed
1v1 RM · 3d ago on Sep 29, 2026· 32m 20s· 2 players
Game mode
Random Map
Map size
Tiny (2 player)
Population
200
Speed
Normal
Resources
Standard
Victory
Conquest
Starting age
Dark Age
Ending age
Imperial Age
RankedLock teamsTeams togetherTeam positionsShared explorationLock speedFull tech treeHidden civsTurbo modeCheats
Victory
Defeat
🇦🇷 Bulgarians · Argentina
1227
+14
🇲🇽 Khitans · Mexico
1194
-14
ericonchain
7:35 Loom
9:54 Feudal Age
10:22 Double-Bit Axe
14:41 Wheelbarrow
18:25 Town Watch
21:55 Castle Age
20:52 Fletching
20:57 Double-Bit Axe
21:05 Gold Mining
24:34 Forging
25:10 Husbandry
26:46 Light Cavalry
27:36 Stone Mining
1000ei
7:02 Loom
9:45 Feudal Age
11:29 Double-Bit Axe
11:48 Horse Collar
21:27 Castle Age
19:39 Gold Mining
20:02 Fletching
20:58 Scale Mail Armor
22:15 Bodkin Arrow
23:18 Chain Mail Armor
24:10 Forging
24:39 Elite Skirmisher
26:07 Wheelbarrow
25:17 Town Watch
25:34 Padded Archer Armor
27:37 Bow Saw
32:06 Imperial Age
29:31 Arson
30:26 Stone Mining
Connection lost

Rejoining the realm…

Still unreachable

The connection could not be restored.

Session expired

The server has moved on; the page needs a fresh start.